Map: King's Cove LE

Players

Moonlight - Winner!

  • Race: Protoss Protoss
  • League: Grandmaster
  • Spawn Location: 11:00

llllllllllll

  • Race: Terran Terran
  • League: Master
  • Spawn Location: 5:00

VOD

Have the link to the VOD?

Description

Time

  • Played on: March 8, 2019, 4:21 a.m.
  • Length: 20:44
Show
View Real Time Build Order
Export as new Build Order

Moonlight Protoss - Winner!

Build Orders: 1 Gate Expand, Blink Stalkers 

Get SALT Encoding   

  12  0:00  Probe  
  13  0:12  Probe  
  14  0:18  Pylon  
  14  0:22  Probe  
  15  0:32  Probe  
  15  0:38  Gateway  
  15  0:41  Probe  
  16  0:49  Assimilator  
  17  0:53  Probe  
  18  1:06  Probe  
  19  1:21  Nexus  
  19  1:31  Cybernetics Core  
  19  1:34  Probe  
  20  1:40  Assimilator  
  20  1:46  Probe  
  21  1:51  Pylon  
  21  1:58  Probe  
  21  1:59  Stalker  
  22  2:08  Warp Gate  
  22  2:10  Probe  
  25  2:17  Pylon  
  25  2:22  Probe  
  26  2:27  Stalker  
  26  2:36  Twilight Council  
  28  2:39  Probe  
  28  2:42  Probe  
  28  2:43  Blink  
  30  2:51  Probe  
  30  2:57  Stalker  
  31  3:01  Probe  
  31  3:03  Probe  
  35  3:10  Probe  
  35  3:15  Probe  
  35  3:18  Probe  
  38  3:27  Stalker  
  38  3:30  Probe, Gateway  
  38  3:31  Probe  
  42  3:39  Gateway  
  42  3:42  Probe  
  42  3:43  Probe  
  44  3:54  Probe  
  44  3:55  Probe  
  46  3:57  Robotics Facility  
  46  4:05  Stalker  
  46  4:06  Probe  
  46  4:08  Probe  
  50  4:12  Assimilator  
  50  4:14  Assimilator  
  50  4:18  Probe  
  50  4:20  Probe  
  50  4:23  Pylon  
  52  4:26  Stalker  
  54  4:37  Observer  
  54  4:41  Probe x2, Sentry  
  51  4:53  Probe  
  51  4:54  Stalker x2  
  51  4:59  Probe  
  57  5:04  Nexus  
  57  5:05  Probe  
  58  5:11  Pylon  
  58  5:12  Probe  
  59  5:17  Probe  
  60  5:22  Observer  
  60  5:23  Charge  
  60  5:24  Probe  
  60  5:25  Forge  
  60  5:27  Forge  
  62  5:29  Probe  
  63  5:36  Probe  
  63  5:41  Probe  
  65  5:48  Probe  
  66  5:53  Probe  
  66  5:55  Protoss Ground Weapons Level 1, Protoss Ground Armor Level 1  
  67  5:58  Stargate x2  
  67  6:10  Probe x2  
  69  6:16  Gateway  
  69  6:17  Gateway  
  69  6:18  Probe  
  70  6:19  Gateway  
  70  6:20  Gateway  
  70  6:22  Probe x2  
  72  6:29  Templar Archives  
  72  6:30  Probe  
  73  6:32  Pylon  
  73  6:34  Probe x2  
  75  6:42  Probe x3  
  78  6:50  Probe x2  
  77  6:54  Probe  
  77  6:55  Pylon, Zealot x3  
  77  6:58  Psionic Storm  
  77  7:01  Probe  
  86  7:06  Probe  
  88  7:10  Nexus  
  88  7:14  Probe  
  88  7:15  Probe  
  90  7:19  Assimilator  
  90  7:25  Probe  
  91  7:30  High Templar x3  
  91  7:32  Assimilator  
  91  7:33  Probe  
  98  7:37  Probe  
  98  7:38  Probe  
  100  7:45  Probe, Protoss Ground Weapons Level 2, Protoss Ground Armor Level 2  
  100  7:47  Photon Cannon  
  101  7:53  Photon Cannon, Pylon  
  101  8:00  Pylon  
  101  8:02  Pylon  
  101  8:04  Immortal  
  101  8:11  Pylon  
  105  8:13  Zealot, High Templar  
  109  8:20  Fleet Beacon  
  109  8:21  Zealot x4  
  109  8:22  Zealot  
  109  8:26  Probe x2  
  121  8:29  Pylon  
  121  8:36  Probe x2  
  121  8:40  Probe  
  124  8:42  Probe  
  124  8:44  Pylon  
  124  8:46  Pylon  
  124  8:47  High Templar x2  
  124  8:48  Probe, Zealot x4  
  132  8:49  Zealot  
  140  8:56  Photon Cannon  
  140  8:59  Photon Cannon  
  140  9:01  Probe, Protoss Air Weapons Level 1  
  141  9:06  Assimilator  
  141  9:11  Assimilator  
  141  9:19  Stargate  
  141  9:20  Stargate  
  141  9:21  Stargate  
  141  9:26  Probe  
  142  9:32  Photon Cannon  
  142  9:35  Photon Cannon  
  142  9:36  Photon Cannon  
  142  9:45  Immortal  
  146  9:52  Robotics Facility  
  146  9:53  Observer  
  146  10:07  Dark Shrine  
  146  10:08  Zealot  
  148  10:14  Nexus  
  148  10:15  Void Ray x4  
  148  10:17  Pylon, Void Ray  
  168  10:35  Probe  
  169  10:36  Zealot  
  171  10:43  Pylon  
  171  10:46  Immortal  
  175  10:50  Zealot  
  175  10:51  Zealot  
  175  10:55  Pylon  
  179  10:57  Pylon  
  179  11:00  Pylon  
  165  11:09  Void Ray, Immortal  
  165  11:10  Void Ray x3  
  155  11:17  Void Ray  
  174  11:25  Protoss Air Weapons Level 2, Immortal  
  167  11:41  Zealot x4  
  167  11:42  Zealot x3  
  167  11:47  Photon Cannon  
  181  11:48  Photon Cannon  
  181  11:49  Protoss Ground Armor Level 3  
  181  11:50  Photon Cannon  
  181  11:51  Immortal  
  181  11:52  Photon Cannon  
  185  11:58  Protoss Ground Weapons Level 3  
  185  12:00  Void Ray  
  187  12:04  Immortal  
  189  12:09  High Templar x4  
  189  12:10  Zealot  
  189  12:13  Archon x2  
  196  12:38  Zealot x2  
  199  12:45  Dark Templar x2  
  158  13:07  Void Ray x3  
  150  13:17  Void Ray x2, Immortal x2  
  150  13:19  Probe x2  
  168  13:24  Pylon  
  168  13:26  Stalker x4  
  168  13:27  Pylon, Stalker x3  
  174  13:29  Pylon  
  156  13:45  Photon Cannon  
  152  13:57  Nexus, Void Ray  
  156  14:13  Void Ray x2  
  156  14:15  Carrier  
  170  14:19  Mothership, Zealot  
  170  14:23  Pylon  
  172  14:26  Probe  
  172  14:31  Observer  
  181  14:32  Observer  
  181  14:40  Probe  
  183  14:54  Nexus  
  173  15:23  Observer  
  173  15:25  Immortal  
  174  15:28  Carrier  
  174  15:38  Dark Templar  
  169  15:45  Zealot x6  
  181  15:54  Pylon  
  169  16:13  Zealot x3  
  169  16:14  Zealot x4  
  148  16:48  Photon Cannon  
  148  16:51  Probe, Pylon  
  148  16:53  Zealot x5  
  148  16:54  Zealot  
  155  17:08  Dark Templar  
  136  17:26  Dark Templar  
  136  17:40  Stalker x3  
  136  17:41  Stalker x3  
  143  18:11  Probe  
  143  18:12  Probe  
  137  18:14  Zealot x4  
  145  18:23  Gateway  
  145  18:24  Probe, Gateway  
  145  18:26  Probe, Gateway  
  146  18:29  Assimilator  
  146  18:30  Assimilator  
  146  18:32  Assimilator  
  146  18:33  Assimilator  
  140  18:41  Probe  
  140  18:42  Probe  
  140  18:51  Pylon  
  139  19:07  Pylon  
  137  19:10  Pylon  
  137  19:12  Pylon x2  
  137  19:15  Pylon  
  134  19:17  Pylon x2  
  134  19:24  Probe  
  125  19:25  Probe x2  
  127  19:32  Pylon  
  127  19:34  Pylon, Zealot  
  127  19:36  Probe, Zealot  
  127  19:37  Probe x2  
  134  19:47  Dark Templar  
  134  19:48  Probe  
  134  19:49  Probe x2  
  139  20:00  Probe  
  139  20:01  Probe x2  
  142  20:12  Probe  
Show
View Real Time Build Order
Export as new Build Order

llllllllllll Terran 

Build Orders: Reaper Expand, Mech 

Get SALT Encoding   

  12  0:00  SCV  
  13  0:12  SCV  
  14  0:17  Supply Depot  
  14  0:24  SCV  
  15  0:39  SCV  
  15  0:41  Barracks  
  16  0:44  Refinery  
  16  0:51  SCV  
  17  1:03  SCV  
  18  1:15  SCV  
  19  1:28  Orbital Command, Reaper  
  20  1:45  Command Center  
  20  1:53  Supply Depot  
  20  1:58  SCV  
  20  2:01  Marine  
  22  2:10  Factory  
  22  2:14  SCV  
  23  2:17  Refinery  
  23  2:23  Barracks Reactor  
  23  2:26  SCV  
  24  2:38  SCV  
  25  2:50  SCV  
  26  2:58  Starport  
  26  2:59  Widow Mine  
  26  3:00  Marine x2  
  26  3:02  SCV  
  26  3:03  Orbital Command  
  31  3:14  SCV  
  32  3:22  Marine  
  32  3:26  Widow Mine  
  32  3:27  SCV  
  35  3:28  Marine  
  35  3:33  SCV  
  37  3:37  Medivac, Supply Depot  
  37  3:39  SCV  
  40  3:42  Marine  
  40  3:45  SCV  
  40  3:46  Marine  
  43  3:51  SCV, Widow Mine  
  46  3:56  Bunker  
  46  4:00  SCV, Marine, Supply Depot  
  48  4:07  Marine  
  49  4:15  SCV  
  49  4:16  SCV  
  51  4:20  Factory Tech Lab  
  51  4:23  Command Center  
  51  4:29  Refinery  
  51  4:31  Refinery  
  51  4:32  Engineering Bay  
  51  4:34  SCV  
  51  4:35  SCV  
  53  4:39  Viking  
  55  4:46  SCV  
  55  4:48  SCV, Siege Tank  
  58  4:52  Liberator  
  52  5:02  Marine x2  
  57  5:14  SCV x2  
  59  5:22  Marine x2, Factory x2  
  59  5:26  SCV  
  62  5:29  Supply Depot  
  62  5:31  Supply Depot  
  62  5:34  Siege Tank  
  65  5:42  SCV  
  66  5:45  Marine x2  
  68  5:51  SCV  
  68  5:54  SCV  
  68  5:55  Factory  
  68  5:56  Factory  
  70  6:00  SCV  
  70  6:03  SCV, Marine x2  
  74  6:06  SCV  
  74  6:07  Starport Tech Lab  
  74  6:09  Factory Tech Lab x2  
  74  6:11  Siege Tank  
  78  6:13  Supply Depot  
  78  6:15  Orbital Command  
  78  6:18  SCV  
  79  6:19  SCV  
  82  6:29  Siege Tank  
  82  6:30  Siege Tank  
  86  6:40  SCV  
  86  6:41  SCV  
  86  6:42  SCV  
  86  6:46  Barracks Reactor  
  89  6:47  Siege Tank  
  89  6:53  SCV x2  
  89  6:54  SCV  
  92  6:56  Supply Depot  
  92  6:57  Supply Depot x2  
  92  7:01  Siege Tank  
  92  7:04  Viking  
  92  7:06  SCV  
  92  7:07  SCV  
  99  7:10  SCV  
  100  7:18  Refinery  
  100  7:20  Supply Depot, Command Center, Refinery  
  100  7:21  SCV  
  100  7:22  Supply Depot  
  104  7:23  Supply Depot  
  104  7:26  Hellion x3  
  104  7:28  SCV x2  
  112  7:32  Armory x2  
  112  7:33  SCV  
  110  7:40  SCV x2  
  112  7:45  SCV  
  112  7:47  Siege Tank x2, Hellion  
  112  7:48  Hellion x2  
  125  7:54  SCV x2  
  125  7:58  SCV  
  128  7:59  Infernal Pre-Igniter  
  128  8:06  SCV  
  128  8:11  Hellion x3  
  128  8:12  SCV x2  
  137  8:22  Terran Vehicle And Ship Armor Level 1, Terran Vehicle Weapons Level 1  
  137  8:23  Thor  
  137  8:26  Viking  
  145  8:32  Thor  
  149  8:35  SCV x3  
  149  8:37  Hellion x2  
  149  8:41  Hellion x2  
  160  8:49  SCV  
  160  8:51  SCV x2  
  163  8:59  Viking  
  163  9:02  Viking  
  166  9:05  Refinery  
  166  9:07  Refinery  
  166  9:08  Command Center  
  166  9:09  Supply Depot  
  166  9:10  Supply Depot  
  166  9:13  Hellion x2  
  166  9:16  Thor  
  175  9:22  Thor  
  180  9:26  Orbital Command  
  180  9:32  Thor  
  180  9:37  Viking  
  180  9:38  SCV x3  
  190  9:45  Sensor Tower  
  191  9:46  Smart Servos  
  191  9:56  Supply Depot  
  191  9:58  Supply Depot  
  191  10:02  Siege Tank, Hellion  
  196  10:12  Supply Depot  
  196  10:14  Command Center  
  196  10:18  Siege Tank  
  196  10:20  Hellion  
  200  10:26  Hellion  
  200  10:39  Siege Tank, Hellion x12  
  199  10:43  Terran Vehicle Weapons Level 2  
  199  10:44  Terran Vehicle And Ship Armor Level 2  
  199  10:49  Factory  
  199  10:50  Factory  
  199  10:51  Factory  
  199  10:53  Thor  
  199  10:55  Factory  
  197  10:59  Hellion  
  197  11:00  Hellion x3  
  185  11:06  Thor x3  
  179  11:11  Hellion  
  179  11:16  Orbital Command  
  186  11:35  Command Center  
  188  11:41  Drilling Claws, Widow Mine x5  
  188  11:43  Factory Reactor x2, Factory Tech Lab  
  186  11:48  Factory Tech Lab  
  186  11:53  SCV x3  
  189  11:54  Planetary Fortress  
  189  11:58  Widow Mine  
  191  12:02  Widow Mine x3  
  195  12:15  Widow Mine x2  
  199  12:26  Widow Mine x2  
  192  12:37  Widow Mine x3  
  192  12:38  Widow Mine  
  192  12:40  Widow Mine  
  198  12:51  Missile Turret  
  192  12:52  Missile Turret  
  192  12:53  Missile Turret  
  192  12:55  SCV x2  
  192  12:56  Missile Turret  
  192  12:57  Orbital Command  
  144  13:09  Widow Mine x6  
  144  13:11  Siege Tank x3  
  144  13:12  Siege Tank  
  140  13:13  SCV x2  
  140  13:15  Viking x2  
  142  13:30  Widow Mine  
  142  13:31  Widow Mine x5  
  142  13:32  Thor  
  142  13:33  Thor  
  160  13:34  SCV x2  
  162  13:43  Thor x3  
  162  13:48  Thor  
  186  13:57  SCV x3  
  186  14:02  Refinery x2  
  187  14:15  Thor x2  
  195  14:18  Terran Vehicle And Ship Armor Level 3  
  195  14:19  Terran Vehicle Weapons Level 3  
  195  14:25  Missile Turret  
  195  14:26  Siege Tank  
  195  14:28  Orbital Command  
  198  14:51  Planetary Fortress  
  198  15:00  Refinery  
  198  15:04  Refinery  
  198  15:05  Command Center  
  198  15:06  Command Center  
  198  15:07  Missile Turret x2  
  198  15:08  Missile Turret  
  198  15:09  Command Center, Missile Turret  
  199  15:31  Starport  
  199  15:32  Starport  
  196  15:36  Missile Turret  
  196  15:37  Missile Turret  
  196  15:38  Missile Turret  
  196  15:40  Missile Turret  
  159  15:58  Missile Turret  
  159  16:01  Missile Turret  
  159  16:02  Missile Turret  
  159  16:03  Missile Turret  
  137  16:11  Missile Turret  
  137  16:16  Missile Turret  
  137  16:18  Command Center  
  113  16:58  Missile Turret  
  113  17:00  Orbital Command, Missile Turret  
  100  18:34  Command Center  
  100  18:44  Orbital Command  
  70  19:28  Supply Depot  
  70  19:29  Supply Depot  
  70  19:30  Supply Depot  
  64  19:49  Orbital Command  
  64  20:02  Orbital Command  
Tags
 
Add a new tag
Caveats
  • Supply blocks, unpowered buildings, or Contaminate may cause inaccurate times.
  • Supply counts are checked every 10 seconds.